 Seeded DCSS version 0.27.1-1-g398f81649c (webtiles) character file.

Game seed: 15093136498747754427 (custom seed)

133 a11behringer the Cudgeller (level 4, -3/44 HPs)
             Began as a Troll Berserker on Sept 16, 2021.
             Was a Believer of Trog.
             Slain by an ogre (25 damage)
             ... on level 3 of the Dungeon.
             The game lasted 00:09:22 (1704 turns).

a11behringer the Cudgeller (Troll Berserker)        Turns: 1704, Time: 00:09:23

Health: -3/44      AC:  6    Str: 25    XL:     4   Next: 93%
Magic:  3/3        EV: 10    Int:  3    God:    Trog [**....]
Gold:   110        SH:  0    Dex: 10    Spells: 3/3 levels left

rFire    . . .     SeeInvis +   a - +0 mace
rCold    . . .     Faith    .   (no shield)
rNeg     . . .     Spirit   .   b - +0 animal skin
rPois    .         Reflect  .   c - +2 hat {SInv}
rElec    .         Harm     .   (no cloak)
rCorr    .         Rampage  .   (gloves unavailable)
Will     .....                  (boots unavailable)
Stlth    +.........             (no amulet)
HPRegen  1.14/turn              (no ring)
MPRegen  0.08/turn              (no ring)

@: no status effects
A: large, unfitting armour, claws 3, regeneration 1, shaggy fur 1, tough skin 1
a: Renounce Religion, Berserk, Trog's Hand


You were on level 3 of the Dungeon.
You worshipped Trog.
Trog was pleased with you.
You visited 1 branch of the dungeon, and saw 3 of its levels.

You collected 110 gold pieces.

Inventory:

Hand Weapons
 a - a +0 mace (weapon)
 k - a +0 mace of holy wrath
Missiles
 d - 6 boomerangs (quivered)
 n - 5 large rocks
Armour
 b - a +0 animal skin (worn)
 c - a +2 hat of see invisible (worn)
Scrolls
 h - 2 scrolls of enchant weapon {unknown}
 i - 2 scrolls of identify {unknown}
 j - a scroll of fog {unknown}
Potions
 e - a potion of curing {unknown}
 f - a potion of might {unknown}
 g - a potion of heal wounds {unknown}
 l - 2 potions of brilliance {unknown}
 m - a potion of berserk rage {unknown}


   Skills:
 - Level 2.4 Fighting
 * Level 5.2 Maces & Flails
 - Level 2.4 Dodging


You had 3 spell levels left.
You didn't know any spells.
Your spell library was empty.

Dungeon Overview and Level Annotations

Branches:
Dungeon (3/15)

Altars:
Nemelex Xobeh


Innate Abilities, Weirdness & Mutations

You are too large for most types of armour.
You have claws for hands.
Your natural rate of healing is unusually fast.
You are covered in fur. (AC +1)
You have tough skin. (AC +1)


Message History

You barely miss the hobgoblin.
The hobgoblin hits you but does no damage.
You sock the hobgoblin!
You kill the hobgoblin!
Trog accepts your kill.
Things that are here:
4 atropa-tipped darts; a +0 ring mail; a hobgoblin corpse An endoplasm comes into view.
An endoplasm is nearby!
The endoplasm closely misses you.
You sock the endoplasm!
You kill the endoplasm!
Trog accepts your kill.
You see here an adder skeleton.
There is a stone staircase leading up here.
You see here a book of the Tundra.
Done exploring.
Done exploring.
There is a stone staircase leading down here.
You climb downwards.
There is a stone staircase leading up here.
You miss the bat. The bat hits you but does no damage.
An ogre comes into view. It is wielding a +0 giant club.
The ogre shouts!
The bat hits you but does no damage. The bat hits you but does no damage.
You hit the ogre.
The ogre is lightly wounded.
The bat closely misses you. The bat misses you. The ogre closely misses you.
You sock the ogre!
The ogre is heavily wounded.
The bat hits you but does no damage.
The ogre hits you with a +0 giant club!!
Ouch! That really hurt!
You sock the ogre!
The ogre is almost dead.
The bat hits you but does no damage.
The ogre hits you with a +0 giant club!!
Ouch! That really hurt!
You die...

####
..##
#.. #
#O###.#
#@.<..#
#..b..#
#.#####
...#
.#### #


You could see an ogre and a bat.

Vanquished Creatures
  Natasha (twice) (D:2)
  2 adders (D:2)
  2 worms (D:2)
  A dart slug (D:1)
  10 ball pythons
  4 bats
  8 endoplasms
  A giant cockroach (D:2)
  9 hobgoblins
  2 jackals (D:2)
  5 kobolds
  2 quokkas (D:1)
  4 frilled lizards
  A goblin (D:1)
  3 rats
56 creatures vanquished.

Vanquished Creatures (others)
  4 fungi (D:2)
  8 plants (D:2)
12 creatures vanquished.

Grand Total: 68 creatures vanquished

Notes
Turn   | Place    | Note
-------+----------+-------------------------------------------
     0 | D:1      | a11behringer the Troll Berserker began the quest for the
                  | Orb.
     0 | D:1      | Reached XP level 1. HP: 22/22 MP: 0/0
    58 | D:1      | Reached skill level 3 in Maces & Flails
    71 | D:1      | Reached XP level 2. HP: 28/29 MP: 1/1
   254 | D:1      | Reached ** piety under Trog
   278 | D:1      | Reached XP level 3. HP: 36/36 MP: 2/2
   632 | D:1      | Reached skill level 4 in Maces & Flails
   886 | D:2      | Noticed Natasha
   894 | D:2      | Killed Natasha
   906 | D:2      | Reached XP level 4. HP: 44/44 MP: 3/3
  1253 | D:2      | Noticed Natasha
  1307 | D:2      | Killed Natasha
  1318 | D:2      | Reached skill level 5 in Maces & Flails
  1333 | D:2      | Found a faded altar of an unknown god.
  1411 | D:2      | Found a sparkling altar of Nemelex Xobeh.
  1700 | D:3      | Noticed an ogre
  1704 | D:3      | Slain by an ogre

Illustrated notes

Levels and vault maps discovered:
D:1:      lightli_arrival_statuegarden, layout_loops_ring, hex_medium
D:2:      layout_loops_ring, shapermc_ecumenical_altar_mp_urbaneastern,
          basic_altar, uniq_natasha
D:3:      layout_loops_ring

Skill      XL: |  1  2  3  4 |
---------------+-------------+-----
Maces & Flails | 3 4 5 |  5.2
Fighting       | |  2.4
Dodging        | |  2.4

Action                   |  1- 3 |  4- 6 || total
-------------------------+-------+-------++-------
Melee: Mace              |   127 |    68 ||   195
       Unarmed           |       |     2 ||     2
Invok: Trog's Hand       |       |     1 ||     1
 Stab: Sleeping          |     1 |       ||     1
Armor: Animal skin       |    62 |    31 ||    93
       Skin              |       |     2 ||     2
Dodge: Dodged            |    88 |    38 ||   126
